 Dungeon Crawl Stone Soup version 0.28-a0-519-gbfeecf2 (webtiles) character file.

Game seed: 8807626655918221305

3902 Fronzalo the Cleaver (level 10, 0/68 HPs)
             Began as a Demonspawn Fighter on Sept 23, 2021.
             Was a Believer of Hepliaklqana.
             Slain by a death yak (12 damage)
             ... on level 8 of the Dungeon.
             The game lasted 00:21:47 (7261 turns).

Fronzalo the Cleaver (Demonspawn Fighter)           Turns: 7261, Time: 00:21:48

Health: 0/68       AC: 20    Str: 18    XL:     10   Next: 0%
Magic:  10/10      EV: 10    Int: 10    God:    Hepliaklqana [**....]
Gold:   356        SH:  4    Dex: 14    Spells: 9/9 levels left

rFire   . . .      SeeInvis .   w - +2 great sword
rCold   + . .      Faith    .   (shield currently unavailable)
rNeg    + . .      Spirit   .   q - +3 plate armour {rC+}
rPois   .          Reflect  .   (helmet restricted)
rElec   .          Harm     .   (no cloak)
rCorr   +          Rampage  .   (no gloves)
Will    +....      Clarity  +   d - +0 pair of boots
Stlth   ..........              (no amulet)
HPRegen 0.21/turn               e - +4 ring of evasion
MPRegen 0.12/turn               o - ring of positive energy

@: no status effects
A: reduced essence, horns 1, yellow scales 3, demonic guardian 1, condensation
shield, clarity, strong-willed 1
a: Renounce Religion, Recall Ancestor, Ancestor Identity


You were on level 8 of the Dungeon.
You worshipped Hepliaklqana.
Hepliaklqana was pleased with you.
You visited 1 branch of the dungeon, and saw 8 of its levels.

You collected 356 gold pieces.

Inventory:

Hand Weapons
 a - a +0 war axe
 w - a +2 great sword (weapon)
Armour
 b - a +0 scale mail
 c - a +0 buckler
 d - a +0 pair of boots (worn)
 q - a +3 plate armour of cold resistance (worn)
Jewellery
 e - a +4 ring of evasion (left hand)
 i - a ring of protection from fire
 o - a ring of positive energy (right hand)
 r - a ring of flight
 t - a ring of fire
Wands
 h - a wand of flame (16)
 l - a wand of polymorph (12)
 v - a wand of iceblast (6) (quivered)
Scrolls
 f - 4 scrolls of teleportation
 j - a scroll of blinking
 n - a scroll of identify
Potions
 g - a potion of attraction
 k - 2 potions of mutation
 m - a potion of flight
 u - a potion of brilliance


   Skills:
 + Level 5.6 Fighting
 + Level 8.9 Axes
 + Level 5.8 Armour
 + Level 2.6 Dodging
 + Level 3.4 Stealth
 + Level 6.3 Shields


You had 9 spell levels left.
You didn't know any spells.
Your spell library contained the following spells:

 Spells                   Type           Power      Damage    Failure   Level
 Animate Skeleton         Necr           0%         N/A       100%        1
 Apportation              Tloc           0%         N/A       100%        1
 Summon Small Mammal      Summ           0%         N/A       100%        1
 Sublimation of Blood     Necr           0%         N/A       100%        2
 Ignite Poison            Fire/Tmut/Pois 0%         N/A       100%        3
 Mephitic Cloud           Conj/Pois/Air  0%         N/A       100%        3
 Petrify                  Tmut/Erth      0%         N/A       100%        4
 Freezing Cloud           Conj/Ice/Air   0%         6-21      100%        5
 Irradiate                Conj/Tmut      0%         3d14      100%        5


Dungeon Overview and Level Annotations

Branches:
Dungeon (8/15)             Temple (0/1) D:7
   Lair: D:8-11

Altars:
Gozag
Hepliaklqana
Uskayaw
Xom
Beogh

Shops:
D:5 =??*   D:6 (

Annotations:
D:4 3 runed translucent doors, Dega's ghost, novice OpFi


Innate Abilities, Weirdness & Mutations

Your life essence is reduced to manifest your ancestor. (-10% HP)
You have a pair of small horns on your head.
You are completely covered in yellow scales. (AC +4, rCorr)
A weak demonic guardian rushes to your aid.
A meltable shield of frost defends you. (SH +4)
You possess an exceptional clarity of mind.
You are strong-willed. (Will+)


Message History

You block the death yak's attack.
The yak snorts and paws the ground.
You block the death yak's attack.
You flicker back into view.
Found a wand of iceblast (10).
The yak bellows! x2
You are too injured to fight recklessly!
The yak snorts and paws the ground.
Your magical contamination has completely faded away.
You see here a wand of iceblast (10).
You feel better.
The death yak gores you but does no damage.
You are too injured to fight recklessly!
Okay, then.
Aiming: Iceblast
Press: ? - help, Shift-Dir - straight line, f - death yak
Aim: a death yak (moderately wounded)
The mass of ice explodes!
The iceblast engulfs the death yak.
The death yak is moderately wounded.
The iceblast engulfs the death yak.
The death yak is lightly wounded.
The iceblast engulfs the death yak!
The death yak is lightly wounded.
The iceblast engulfs the yak!
The yak is moderately wounded.
Hit: w) +2 great sword
Press: ? - help, Dir - move target, f - death yak, p - death yak
Aim: a death yak (lightly wounded, about 25% to evade your +2 great sword)
You hit the death yak but do no damage.
The death yak is lightly wounded.
The yak gores you but does no damage.
The death yak gores you but does no damage.
You hit the death yak.
You headbutt the death yak, but do no damage.
The death yak is lightly wounded.
The death yak gores you but does no damage.
The yak gores you but does no damage. The death yak gores you!!
* * * LOW HITPOINT WARNING * * *
A demonic guardian appears!
The death yak gores you!
You die...

#### #.Y######
#.@YYYD.#
#.YYYY..#######
#5.###........#
#.....###.######.#
#.##......Y#####.#
#.#######..Y....Y#
#####..$[...#Y.D######
....##......#...#
...........##...#


You could see 3 death yaks, 5 yaks, a steam dragon and a friendly white imp
(summoned).

Vanquished Creatures
  Pikel (D:4)
  Maggie (D:7)
  Grinder (D:3)
  Prince Ribbit (D:6)
  Sigmund (D:3)
  A wyvern (D:7)
  Duvessa (D:7)
  A water moccasin (D:4)
  A black bear (D:4)
  A sky beast (D:4)
  A hornet zombie (D:6)
  An ogre (D:6)
  2 phantoms (D:4)
  A bullfrog (D:3)
  A gnoll sergeant (D:7)
  Dowan (D:7)
  A water moccasin skeleton (D:6)
  3 wights (D:7)
  A howler monkey (D:5)
  A hound (D:5)
  A jelly (D:7)
  2 orc priests
  2 bullfrog skeletons
  Jessica (D:3)
  2 orc wizards
  Natasha (D:3)
  2 hound skeletons (D:5)
  A howler monkey zombie (D:7)
  5 gnolls (D:7)
  7 adders
  A white imp (D:6)
  An ufetubus (D:4)
  An adder skeleton (D:4)
  2 worms (D:3)
  2 dart slugs (D:3)
  16 orcs
  7 endoplasms
  3 giant cockroaches
  3 goblins
  9 hobgoblins
  5 jackals
  3 quokkas
  4 ball pythons
  7 bats
  A frilled lizard (D:1)
  7 kobolds
  5 rats
124 creatures vanquished.

Vanquished Creatures (collateral kills)
  Eustachio (D:6)
  A steam dragon (D:7)
  A sky beast (D:6)
  An ogre (D:6)
  2 bullfrogs (D:7)
  A scorpion (D:6)
  A water moccasin skeleton (D:5)
  A wight (D:7)
  A centaur zombie (D:5)
  A hound (D:7)
  An iguana (D:6)
  A howler monkey zombie (D:6)
  A howler monkey skeleton (D:6)
  An ufetubus (D:6)
  A quokka (D:4)
16 creatures vanquished.

Vanquished Creatures (others)
  5 dream sheep (D:3)
  A hexer (D:8)
  An ancestor (D:5)
7 creatures vanquished.

Grand Total: 147 creatures vanquished

Notes
Turn   | Place    | Note
-------+----------+-------------------------------------------
     0 | D:1      | Fronzalo the Demonspawn Fighter began the quest for the
                  | Orb.
     0 | D:1      | Reached XP level 1. HP: 18/18 MP: 1/1
   494 | D:1      | Gained mutation: A meltable shield of frost defends you.
                  | (SH +4) [demonic ancestry]
   494 | D:1      | Reached XP level 2. HP: 24/24 MP: 2/2
   518 | D:1      | Reached skill level 2 in Axes
   957 | D:2      | Gained mutation: You have a pair of small horns on your
                  | head. [demonic ancestry]
   957 | D:2      | Reached XP level 3. HP: 20/29 MP: 3/3
  1088 | D:2      | Found a faded altar of an unknown god.
  1731 | D:2      | Found a hazy altar of Hepliaklqana.
  1762 | D:2      | Reached skill level 3 in Axes
  1766 | D:2      | Became a worshipper of Hepliaklqana the Forgotten
  2007 | D:3      | Found a hide-covered altar of Uskayaw.
  2010 | D:3      | Noticed Sigmund
  2015 | D:3      | Reached XP level 4. HP: 35/35 MP: 4/4
  2023 | D:3      | Killed Sigmund
  2024 | D:3      | Gained mutation: A weak demonic guardian rushes to your
                  | aid. [demonic ancestry]
  2024 | D:3      | Reached XP level 5. HP: 34/41 MP: 5/5
  2148 | D:3      | Noticed Jessica
  2149 | D:3      | Noticed Grinder
  2164 | D:3      | Reached skill level 4 in Axes
  2164 | D:3      | Gained mutation: You are partially covered in yellow
                  | scales. (AC +2) [demonic ancestry]
  2164 | D:3      | Reached XP level 6. HP: 47/47 MP: 6/6
  2169 | D:3      | Killed Jessica
  2190 | D:3      | Paralysed by Grinder for 5 turns
  2214 | D:3      | Paralysed by Grinder for 2 turns
  2226 | D:3      | Paralysed by Grinder for 7 turns
  2237 | D:3      | Gained mutation: You are frail. (-10% HP) [potion of
                  | mutation]
  2237 | D:3      | Gained mutation: You possess an exceptional clarity of
                  | mind. [potion of mutation]
  2237 | D:3      | Gained mutation: You are very frail. (-20% HP) [potion of
                  | mutation]
  2238 | D:3      | Lost mutation: You are very frail. (-20% HP) [potion of
                  | mutation]
  2238 | D:3      | Lost mutation: You are frail. (-10% HP) [potion of
                  | mutation]
  2238 | D:3      | Gained mutation: You are strong-willed. (Will+) [potion of
                  | mutation]
  2246 | D:3      | Paralysed by Grinder for 2 turns
  2252 | D:3      | Killed Grinder
  2253 | D:3      | Reached skill level 1 in Dodging
  2253 | D:3      | Reached XP level 7. HP: 15/53 MP: 7/7
  2605 | D:3      | Noticed a dream sheep
  2605 | D:3      | Noticed a dream sheep
  2605 | D:3      | Noticed a dream sheep
  2605 | D:3      | Noticed a dream sheep
  2605 | D:3      | Noticed a dream sheep
  2605 | D:3      | Found a shimmering altar of Xom.
  2609 | D:3      | Killed a dream sheep
  2609 | D:3      | Killed a dream sheep
  2610 | D:3      | Killed a dream sheep
  2610 | D:3      | Killed a dream sheep
  2610 | D:3      | Killed a dream sheep
  2617 | D:3      | Noticed Natasha
  2627 | D:3      | Killed Natasha
  2950 | D:4      | Reached skill level 5 in Axes
  3158 | D:4      | Noticed Pikel
  3185 | D:4      | Killed Pikel
  3186 | D:4      | Reached skill level 6 in Axes
  3186 | D:4      | Gained mutation: You are mostly covered in yellow scales.
                  | (AC +3) [demonic ancestry]
  3186 | D:4      | Reached XP level 8. HP: 38/61 MP: 8/8
  3685 | D:4      | Reached * piety under Hepliaklqana
  3958 | D:4      | Found an opulent altar of Gozag.
  3978 | D:4      | Reached skill level 5 in Armour
  4114 | D:4      | Found a runed translucent gate.
  4114 | D:4      | Noticed Dega's ghost (novice OpFi)
  4116 | D:4      | Found a runed translucent gate.
  4117 | D:4      | Found a runed translucent gate.
  4117 | D:4      | Identified the +10 mace of Bothucax {flame, Dex+6}
  4117 | D:4      | Identified the +1 scale mail "Gyaschuo" {Int+6 Slay-5 SInv}
  4206 | D:5      | Entered Level 5 of the Dungeon
  4296 | D:5      | Found Fyrewkeo's Magic Scroll Shoppe.
  4393 | D:5      | Found Idimiwel's Magic Scroll Shop.
  4562 | D:5      | Found Rofoc's Assorted Antiques.
  4625 | D:5      | Reached skill level 5 in Shields
  4646 | D:5      | Reached skill level 7 in Axes
  4762 | D:5      | Found Coibe Oxzoq's Jewellery Emporium.
  4901 | D:5      | Reached ** piety under Hepliaklqana
  4902 | D:5      | Remembered your ancestor Centenhua as a hexer
  5108 | D:6      | Found Jukema's Antique Weapon Shop.
  5118 | D:6      | Reached skill level 1 in Stealth
  5144 | D:6      | Reached skill level 5 in Fighting
  5146 | D:6      | Gained mutation: You are completely covered in yellow
                  | scales. (AC +4, rCorr) [demonic ancestry]
  5146 | D:6      | Reached XP level 9. HP: 61/61 MP: 9/9
  5370 | D:6      | Noticed Prince Ribbit
  5371 | D:6      | Noticed Eustachio
  5377 | D:6      | Killed Prince Ribbit
  5414 | D:6      | Killed Eustachio
  5415 | D:6      | Reached skill level 8 in Axes
  5757 | D:7      | Noticed Dowan
  5758 | D:7      | Noticed Duvessa
  5770 | D:7      | Killed Dowan
  5783 | D:7      | Killed Duvessa
  6178 | D:7      | Noticed Maggie
  6202 | D:7      | Killed Maggie
  6820 | D:7      | Reached XP level 10. HP: 59/68 MP: 10/10
  7039 | D:7      | Found a staircase to the Ecumenical Temple.
  7099 | D:8      | Noticed a death knight
  7204 | D:8      | Noticed a death yak
  7208 | D:8      | Noticed a death yak
  7217 | D:8      | Noticed a death yak
  7261 | D:8      | Slain by a death yak

Illustrated notes

Levels and vault maps discovered:
D:1:      minmay_arrival_stair_chambers, layout_basic,
          chequers_serial_rivers_micro_b
D:2:      layout_basic, ebering_ecumenical_altar_mist, basic_altar, st_stairs_11
D:3:      layout_basic, nicolae_uskayaw_dance_hall, kb_xom_exploding_sheep,
          uniq_grinder, uniq_natasha, uniq_jessica, uniq_sigmund
D:4:      layout_cave_pools, nicolae_gozag_cash_rules_everything_around_me,
          biasface_ghost_orc_armoury, uniq_pikel
D:5:      layout_loops_ring, serial_shops, kennysheep_mini_moat,
          nicolae_shop_behind_doors, nicolae_shop_crystal, shop
D:6:      layout_gridville, serial_shops, shop, uniq_prince_ribbit1,
          uniq_eustachio
D:7:      layout_loops_cross, minmay_temple_entry_statues_fountains,
          hangedman_decor_points, uniq_maggie, uniq_duvessa
D:8:      layout_basic, jmf_multi_god_temple, dpeg_lair_monsters,
          kennysheep_crisscross

Skill      XL: |  1  2  3  4  5  6  7  8  9 |
---------------+----------------------------+-----
Armour         | 3 4 5 |  5.8
Axes           | 2 3 4 6 7 8 |  8.9
Shields        | 3 4 5 6 |  6.3
Dodging        | 1 2 |  2.6
Fighting       | 4 5 |  5.6
Stealth        | 1 3 |  3.4

Action                   |  1- 3 |  4- 6 |  7- 9 | 10-12 || total
-------------------------+-------+-------+-------+-------++-------
Melee: War axe           |   129 |    47 |   332 |     2 ||   510
       Headbutt          |     7 |     6 |    68 |     3 ||    84
       Great sword       |       |       |       |    13 ||    13
Invok: Ancestor Life: He |       |       |     1 |       ||     1
       Recall Ancestor   |       |       |     1 |       ||     1
Evoke: Wand              |       |       |       |     1 ||     1
  Use: Potion            |     1 |     3 |     3 |     4 ||    11
       Scroll            |       |       |    10 |       ||    10
 Stab: Distracted        |       |       |     4 |       ||     4
       Confused          |       |       |     7 |       ||     7
       Invisible         |       |       |     6 |     4 ||    10
Armor: Scale mail        |    57 |     8 |    44 |       ||   109
       Plate armour      |       |       |   112 |    24 ||   136
Dodge: Dodged            |   111 |    19 |   186 |    10 ||   326
Block: Buckler           |    92 |    17 |   158 |       ||   267
       Other             |       |       |       |     4 ||     4

Table legend: (Time is in decaauts)
 A = Elapsed time spent in this place.
 B = Non-inter-level travel time spent in this place.
 C = Inter-level travel time spent in this place.
 D = Time resting spent in this place.
 E = Time spent auto-exploring this place.
 F = Levels seen in this place.
 G = Mean time per level.
                   A        B        C        D        E       F      G
               +--------+--------+--------+--------+--------+-----+--------+
         Total |   7397 |   7359 |     38 |    482 |   4863 |   8 |  924.6 |
       Dungeon |   7397 |   7359 |     38 |    482 |   4863 |   8 |  924.6 |
               +--------+--------+--------+--------+--------+-----+--------+

Top non-repeatable levels by time:
     D:7: 1450 daAuts
     D:4: 1292 daAuts
     D:2: 1068 daAuts
     D:1: 972 daAuts
     D:3: 964 daAuts
     D:5: 910 daAuts
     D:6: 603 daAuts
     D:8: 135 daAuts
